 Dungeon Crawl Stone Soup version 0.29.0-4-gdea44cf6ec (webtiles) character file.

Game seed: 17111806142966573466

16 qw the Sneak (level 2, -2/19 HPs)
             Began as a Gargoyle Delver on Sept 10, 2022.
             Slain by a hound (4 damage)
             ... on level 5 of the Dungeon.
             The game lasted 00:00:07 (802 turns).

qw the Sneak (Gargoyle Delver)                       Turns: 802, Time: 00:00:08

Health: -2/19      AC:  5    Str: 15    XL:     2   Next: 54%
Magic:  2/2        EV: 11    Int: 10    God:
Gold:   22         SH:  0    Dex: 11    Spells: 1/1 levels left

rFire   . . .      SeeInvis .   a - +0 hand axe
rCold   . . .      Faith    .   (no shield)
rNeg    + . .      Spirit   .   b - +0 leather armour
rPois   inf        Reflect  .   (no helmet)
rElec   +          Harm     .   (no cloak)
rCorr   .          Rampage  .   (no gloves)
Will    .....                   (no boots)
Stlth   +++.......              (no amulet)
HPRegen 0.06/turn               (no ring)
MPRegen 0.08/turn               (no ring)

@: no status effects
A: sickness immunity, AC +2, negative energy resistance 1, electricity
resistance, torment resistance 1, petrification resistance
a: no special abilities


You were on level 5 of the Dungeon.
You visited 1 branch of the dungeon, and saw 1 of its levels.

You collected 22 gold pieces.


Innate Abilities, Weirdness & Mutations

You are immune to sickness and miasma.
Your stone body is resilient. (AC +2)
You are immune to poison.
You resist negative energy. (rN+)
You are resistant to electric shocks. (rElec)
You are resistant to unholy torment.
You are immune to petrification.


   Skills:
 - Level 3.2 Fighting
 + Level 2.8 Axes
 - Level 1.5 Dodging
 - Level 5.4 Stealth


You had one spell level left.
You didn't know any spells.
Your spell library was empty.

Inventory:

Hand Weapons
 a - a +0 hand axe (weapon)
 h - a +0 flail
Armour
 b - a +0 leather armour (worn)
 i - a +0 helmet
 k - a +0 ring mail
Wands
 g - a wand of digging (3)
Scrolls
 c - a scroll of fog
 d - a scroll of magic mapping
 e - a scroll of fear
 j - a scroll of identify {unknown}
Potions
 f - a potion of haste
 l - a potion of brilliance {unknown}
 m - a potion of lignification {unknown}

Dungeon Overview and Level Annotations

Branches:
Dungeon (5/15)
 Temple: D:4-7

Altars:


Message History

The adder is heavily wounded.
The adder closely misses you. x2
You hit the adder.
The adder is severely wounded.
The adder misses you.
You closely miss the adder.
The adder is severely wounded.
The adder closely misses you. The adder barely misses you.
You miss the adder.
The adder is severely wounded.
The adder bites you.
The white imp shouts, "Quit, thou pox-marked clay-brained pigeon-egg!"
You closely miss the adder.
The adder is severely wounded.
The adder bites you but does no damage.
You barely miss the adder.
The adder is severely wounded.
The hound pauses to sniff the ground.
The adder barely misses you. The adder misses you.
You hit the adder.
You kill the adder!
You hit the hound.
The hound bites you but does no damage. x2
You barely miss the hound.
The hound is moderately wounded.
The hound bites you but does no damage. The hound barely misses you.
The white imp gestures at you. The puff of frost misses you.
You miss the hound.
The hound is moderately wounded.
The hound barely misses you. x2
You hit the hound.
The hound is heavily wounded.
The hound bites you.
You barely miss the hound.
The hound is heavily wounded.
The hound bites you. The white imp gestures at you. The puff of frost hits you!
The hound bites you.
You die...

##...## #.#
#..# # ##'##
#......+ # #.#
#####..# # #.#
#..# o. ##.##
#...
##...#######
#.#.
#..........#
###...#.###.#
#...h@..#
....#..##.#
............
......5.....#
........~5..#
.......~..~.#
...~~..~5.~~~
..~..~..~..~~~


You could see a hound and a white imp.

Vanquished Creatures
  An adder (D:5)
  A dart slug (D:5)
  2 orcs (D:5)
4 creatures vanquished.

Notes
Turn   | Place    | Note
-------+----------+-------------------------------------------
     0 | D:5      | qw the Gargoyle Delver began the quest for the Orb.
     0 | D:5      | Reached XP level 1. HP: 14/14 MP: 1/1
     0 | D:5      | 0 ||| qw: Version: 0.1-a-116-g5d60599
     0 | D:5      | 0 ||| qw: Game counter: 7938
     0 | D:5      | 0 ||| qw: Always use a shield: true
     0 | D:5      | 0 ||| qw: God list: Okawaru
     0 | D:5      | 0 ||| qw: Allow faded altars: false
     0 | D:5      | 0 ||| qw: Do Orc after D:15 true
     0 | D:5      | 0 ||| qw: Do second Lair branch before Depths: true
     0 | D:5      | 0 ||| qw: Lair rune preference: random
     0 | D:5      | 0 ||| qw: Plans: Normal
     0 | D:5      | 0 ||| PLANNING D:1-11
   117 | D:5      | Noticed a +0 falchion
   117 | D:5      | Noticed a +0 spear
   117 | D:5      | Noticed a +0 dagger
   118 | D:5      | Noticed a +0 falchion
   118 | D:5      | Noticed a +0 short sword
   119 | D:5      | Noticed a +0 short sword
   119 | D:5      | Noticed a +0 spear
   120 | D:5      | Noticed a +0 dagger
   157 | D:5      | HP: 3/14 [orc/+0 hand axe (4)]
   533 | D:5      | 533 ||| Stepping ~*~*~tactically~*~*~ (hiding).
   635 | D:5      | 635 ||| Stepping ~*~*~tactically~*~*~ (hiding).
   644 | D:5      | Reached XP level 2. HP: 19/19 MP: 2/2
   779 | D:5      | 779 ||| Stepping ~*~*~tactically~*~*~ (hiding).
   784 | D:5      | 784 ||| Stepping ~*~*~tactically~*~*~ (stealth).
   785 | D:5      | 785 ||| Stepping ~*~*~tactically~*~*~ (hiding).
   787 | D:5      | 787 ||| Stepping ~*~*~tactically~*~*~ (stealth).
   788 | D:5      | 788 ||| Stepping ~*~*~tactically~*~*~ (hiding).
   790 | D:5      | 790 ||| Stepping ~*~*~tactically~*~*~ (hiding).
   802 | D:5      | HP: 2/19 [white imp/puff of frost (9)]
   802 | D:5      | Slain by a hound

Levels and vault maps discovered:
D:5:      cheibrodos_helix_gallery, layout_loops_corners,
          nicolae_uskayaw_en_pointe, minmay_temple_entry_overgrown,
          nicolae_hexahallways

Skill      XL: |  1 |
---------------+----+-----
Axes           | 2 |  2.8
Fighting       | |  3.2
Dodging        | |  1.5
Stealth        | |  5.4

Action                   || total
-------------------------++-------
Melee: Hand axe          ||    25
       Punch             ||     2
Armor: Leather armour    ||     7
Dodge: Dodged            ||    17

Table legend:
 A = Non-vault XP
 B = Vault XP
 C = Vault XP percentage of total XP
 D = Non-vault monster count
 E = Vault monster count
 F = Vault count percentage of total count
                 A         B        C        D         E       F
            +---------+---------+-------+---------+---------+-------
      Total |      23 |       0 |   0.0 |       4 |       0 |   0.0
            +---------+---------+-------+---------+---------+-------
        D:5 |      23 |       0 |   0.0 |       4 |       0 |   0.0
            +---------+---------+-------+---------+---------+-------
